 Dungeon Crawl Stone Soup version 0.29-a0-234-g0dae59b3db (webtiles) character file.

Game seed: 13288777029327988134

1432 sammy202020 the Skirmisher (level 8, 0/109 HPs)
             Began as a Minotaur Fighter on Mar 3, 2022.
             Succumbed to a gnoll's poison
             ... on level 6 of the Dungeon.
             The game lasted 00:12:00 (4776 turns).

sammy202020 the Skirmisher (Minotaur Fighter)       Turns: 4776, Time: 00:12:01

Health: 0/109      AC: 16    Str: 22    XL:     8   Next: 45%
Magic:  7/7        EV:  8    Int:  7    God:
Gold:   303        SH:  5    Dex: 15    Spells: 7/7 levels left

rFire   . . .      SeeInvis .   a - +1 war axe
rCold   . . .      Faith    .   c - +0 buckler
rNeg    . . .      Spirit   .   j - +0 plate armour
rPois   +          Reflect  .   (helmet restricted)
rElec   .          Harm     .   m - scarf {repulsion}
rCorr   .          Rampage  .   A - +0 pair of gloves
Will    .....                   x - +1 pair of boots {Stlth+}
Stlth   ..........              (no amulet)
HPRegen 0.28/turn               h - +6 ring of dexterity
MPRegen 0.10/turn               n - ring of poison resistance

@: mighty, berserking, lethally poisoned (0 -> -9), repel missiles, very quick
A: horns 2, retaliatory headbutt
a: no special abilities


You were on level 6 of the Dungeon.
You visited 1 branch of the dungeon, and saw 6 of its levels.
You also visited: Sewer.

You collected 303 gold pieces.

Inventory:

Hand Weapons
 a - a +1 war axe (weapon)
 e - a +2 vorpal mace
Missiles
 l - 2 boomerangs (quivered)
 q - 6 poisoned darts
Armour
 b - a +0 scale mail
 c - a +0 buckler (worn)
 j - a +0 plate armour (worn)
 m - a scarf of repulsion (worn)
 x - a +1 pair of boots of stealth (worn)
 A - a +0 pair of gloves (worn)
Magical Staves
 k - a staff of fire
Jewellery
 h - a +6 ring of dexterity (left hand)
 n - a ring of poison resistance (right hand)
 v - a ring of see invisible
 D - a ring of willpower
Scrolls
 f - 8 scrolls of teleportation
 g - a scroll of identify
 w - a scroll of amnesia {unknown}
 y - a scroll of enchant armour {unknown}
 C - a scroll of fog
Potions
 d - a potion of might
 i - 2 potions of lignification
 o - a potion of resistance
 p - a potion of brilliance
 r - a potion of attraction
 s - 2 potions of curing
 t - a potion of cancellation
 u - a potion of mutation
 z - a potion of berserk rage
 B - 3 potions of haste {unknown}


   Skills:
 * Level 7.2 Fighting
 * Level 6.6 Axes
 * Level 7.2 Armour
 * Level 5.4 Dodging
 - Level 4.0 Shields


You had 7 spell levels left.
You didn't know any spells.
Your spell library contained the following spells:

 Spells                   Type           Power      Damage    Failure   Level
 Animate Skeleton         Necr           0%         N/A       100%        1
 Apportation              Tloc           0%         N/A       100%        1
 Slow                     Hex            0%         N/A       100%        1
 Summon Small Mammal      Summ           0%         N/A       100%        1
 Corpse Rot               Necr/Air       0%         N/A       100%        2
 Poisonous Vapours        Pois/Air       0%         N/A       100%        2
 Confusing Touch          Hex            0%         N/A       100%        3
 Vampiric Draining        Necr           0%         2d6       100%        3
 Yara's Violent Unravell  Hex/Tmut       0%         3d3       100%        5
 Enfeeble                 Hex            0%         N/A       100%        7


Dungeon Overview and Level Annotations

Branches:
Dungeon (6/15)              Sewer (visited)
 Temple: D:4-7

Altars:
Cheibriados
Elyvilon
Nemelex Xobeh
Okawaru
Qazlal
Zin


Innate Abilities, Weirdness & Mutations

You have a pair of horns on your head.
You reflexively headbutt those who attack you in melee.


Message History

The gnoll hits you from afar with a +2 spear of venom.
The troll bites you. The troll claws you but does no damage.
The troll barely misses you.
You slash the troll! You headbutt the troll.
The troll is heavily wounded.
The gnoll barely misses you. The troll bites you.
The troll claws you but does no damage. x2
The gnoll hits you from afar with a +2 spear of venom!
You are poisoned.
You hit the troll. Your headbutt misses the troll.
The troll is heavily wounded.
You feel very sick. The troll bites you! The troll closely misses you.
The troll claws you but does no damage.
The gnoll hits you from afar with a +2 spear of venom.
The troll closely misses you.
The troll claws you but does no damage. x2
You feel very mighty all of a sudden.
You feel very sick. The gnoll barely misses you. You block the troll's attack.
The troll barely misses you. The troll claws you but does no damage.
You feel better. You block the gnoll's attack. The troll bites you.
* * * LOW HITPOINT WARNING * * *
You block the troll's attack. The troll claws you!
* * * LOW HITPOINT WARNING * * *
A red film seems to cover your vision as you go berserk!
You feel yourself moving faster!
You feel mighty!
The gnoll hits you from afar with a +2 spear of venom.
* * * LOW HITPOINT WARNING * * *
You are poisoned.
The troll bites you but does no damage. You block the troll's attack.
The troll claws you but does no damage.
You barely miss the troll.
The troll is heavily wounded.
* * * LOW HITPOINT WARNING * * *
You feel very sick.
The gnoll hits you from afar with a +2 spear of venom!
* * * LOW HITPOINT WARNING * * *
You slash the troll! Your headbutt misses the troll.
The troll is severely wounded.
You die...

#.#.........#
#.#.........#
#.#......<..#
#.######..#######
#......##.# #...#
#####.###.###.#.#
#.###.....#.#
#....#.####.#
####.#..# #@#
#.##.###T#
#.##...g.#
#+###..#####.#
#.).......
##)#####.# ...
###.# ..


You could see a troll and a gnoll.

Vanquished Creatures
  The ghost of bande the Covered, an amateur GrFi (D:3)
  An orc warrior (D:6)
  An ice beast (D:5)
  A black bear (D:5)
  3 ogres
  The ghost of lunkers the Bolt Thrower, an amateur KoHu (D:3)
  2 scorpions (D:5)
  A necrophage (D:5)
  2 jellies
  An orc priest (D:5)
  A hound (D:6)
  An orc wizard (D:5)
  Terence (D:3)
  A gnoll shaman (D:6)
  2 iguanas
  2 gnolls (D:6)
  2 river rats
  12 adders
  4 worms
  2 dart slugs
  14 orcs
  9 bats
  14 endoplasms
  5 giant cockroaches
  13 goblins
  6 hobgoblins
  5 quokkas
  12 ball pythons
  6 frilled lizards (Sewer)
  8 kobolds
  13 rats
147 creatures vanquished.

Vanquished Creatures (others)
  A fungus (D:1)
  3 plants (D:1)
4 creatures vanquished.

Grand Total: 151 creatures vanquished

Notes
Turn   | Place    | Note
-------+----------+-------------------------------------------
     0 | D:1      | sammy202020 the Minotaur Fighter began the quest for the
                  | Orb.
     0 | D:1      | Reached XP level 1. HP: 19/19 MP: 0/0
   166 | D:1      | Reached XP level 2. HP: 23/27 MP: 1/1
   379 | D:1      | Reached skill level 1 in Dodging
   509 | D:1      | Found a faded altar of an unknown god.
   532 | D:1      | Reached XP level 3. HP: 33/33 MP: 2/2
  1128 | D:2      | Reached XP level 4. HP: 36/40 MP: 3/3
  1655 | D:3      | Found a glowing drain.
  1667 | Sewer    | Entered a sewer
  1936 | Sewer    | Reached XP level 5. HP: 43/47 MP: 4/4
  2567 | D:3      | Found a stormy altar of Qazlal.
  2574 | D:3      | Noticed an air elemental
  2574 | D:3      | Noticed a water elemental
  2574 | D:3      | Noticed a fire elemental
  2720 | D:3      | Found a runed translucent gate.
  2720 | D:3      | Found a runed translucent gate.
  2722 | D:3      | Found a runed translucent gate.
  2746 | D:3      | Noticed bande's ghost (amateur GrFi)
  2746 | D:3      | Noticed lunkers's ghost (amateur KoHu)
  2850 | D:3      | Noticed Terence
  2858 | D:3      | Reached skill level 5 in Armour
  2863 | D:3      | Killed Terence
  2864 | D:3      | Reached skill level 5 in Fighting
  3257 | D:3      | Killed bande's ghost
  3258 | D:3      | Reached XP level 6. HP: 47/56 MP: 5/5
  3262 | D:3      | Killed lunkers's ghost
  3390 | D:4      | Reached XP level 7. HP: 55/61 MP: 6/6
  3435 | D:4      | Found an iron altar of Okawaru.
  3485 | D:4      | Reached skill level 5 in Axes
  3912 | D:5      | Entered Level 5 of the Dungeon
  4193 | D:5      | Reached XP level 8. HP: 71/71 MP: 7/7
  4422 | D:5      | Found a snail-covered altar of Cheibriados.
  4422 | D:5      | Found a white marble altar of Elyvilon.
  4430 | D:5      | Found a faded altar of an unknown god.
  4432 | D:5      | Found a glowing silver altar of Zin.
  4434 | D:5      | Found a sparkling altar of Nemelex Xobeh.
  4480 | D:5      | Reached skill level 5 in Dodging
  4741 | D:6      | Noticed a troll
  4775 | D:6      | HP: 2/109 [gnoll/+2 spear of venom (8)]
  4776 | D:6      | Succumbed to a gnoll's poison

Illustrated notes

Levels and vault maps discovered:
D:1:      amcnicky_arrival_gap_in_the_tavern_cellar, layout_rooms,
          shapermc_ecumenical_altar_mp_urbaneastern, minmay_tiny_reverse_x
D:2:      layout_loops_cross, minmay_misc_feat_tower
D:3:      layout_basic, nicolae_qazlal_style_of_elements,
          gammafunk_ghost_cemetery, gup_sewer_entry_bubbles, uniq_terence
D:4:      layout_rooms, mainiacjoe_overflow_surrounded_room, abandoned_shop
D:5:      layout_rooms, chequers_temple_overflow_minitemple
D:6:      layout_basic, gammafunk_ghost_nasty_kobolds, uniq_maggie

Skill      XL: |  1  2  3  4  5  6  7  8 |
---------------+-------------------------+-----
Dodging        | 1 2 3 4 5 |  5.4
Shields        | 4 |  4.0
Fighting       | 4 5 6 7 |  7.2
Armour         | 4 5 6 7 |  7.2
Axes           | 3 4 5 6 |  6.6

Action                   |  1- 3 |  4- 6 |  7- 9 || total
-------------------------+-------+-------+-------++-------
Melee: War axe           |    76 |   137 |   122 ||   335
       Headbutt          |    11 |    16 |    17 ||    44
  Use: Scroll            |       |    10 |     5 ||    15
       Potion            |       |     2 |     3 ||     5
Armor: Scale mail        |    38 |       |       ||    38
       Plate armour      |       |    69 |    77 ||   146
Dodge: Dodged            |    37 |    45 |    46 ||   128
Block: Buckler           |    23 |    34 |    37 ||    94

Table legend: (Time is in decaauts)
 A = Elapsed time spent in this place.
 B = Non-inter-level travel time spent in this place.
 C = Inter-level travel time spent in this place.
 D = Time resting spent in this place.
 E = Time spent auto-exploring this place.
 F = Levels seen in this place.
 G = Mean time per level.
                   A        B        C        D        E       F      G
               +--------+--------+--------+--------+--------+-----+--------+
         Total |   4963 |   4913 |     50 |      0 |   3667 |   7 |  709.0 |
       Dungeon |   4374 |   4324 |     50 |      0 |   3191 |   6 |  729.0 |
         Sewer |    589 |    589 |      0 |      0 |    476 |   1 |  589.0 |
               +--------+--------+--------+--------+--------+-----+--------+

Top non-repeatable levels by time:
     D:3: 1488 daAuts
     D:1: 717 daAuts
     D:2: 687 daAuts
     D:5: 655 daAuts
     D:4: 598 daAuts
   Sewer: 589 daAuts
     D:6: 226 daAuts
